 Dungeon Crawl Stone Soup version 0.29.0-4-gdea44cf6ec (webtiles) character file.

Game seed: 599219381652785127

60 qw the Chopper (level 4, -4/26 HPs)
             Began as a Tengu Warper on Aug 28, 2022.
             Slain by a worm (9 damage)
             ... on level 2 of the Dungeon.
             The game lasted 00:00:07 (933 turns).

qw the Chopper (Tengu Warper)                        Turns: 933, Time: 00:00:07

Health: -4/26      AC:  3    Str: 14    XL:     4   Next: 4%
Magic:  8/8        EV: 12    Int: 13    God:
Gold:   176        SH:  0    Dex: 13    Spells: 7/7 levels left

rFire   . . .      SeeInvis .   Y - +0 hand axe
rCold   . . .      Faith    .   (no shield)
rNeg    . . .      Spirit   .   b - +0 leather armour
rPois   .          Reflect  .   (helmet restricted)
rElec   .          Harm     .   (no cloak)
rCorr   .          Rampage  .   (no gloves)
Will    .....                   (boots unavailable)
Stlth   +.........              (no amulet)
HPRegen 0.08/turn               (no ring)
MPRegen 0.11/turn               (no ring)

@: no status effects
A: beak, talons 3
a: no special abilities


You were on level 2 of the Dungeon.
You visited 1 branch of the dungeon, and saw 2 of its levels.

You collected 176 gold pieces.


Innate Abilities, Weirdness & Mutations

You have a beak for a mouth.
You have claws for feet.


   Skills:
 - Level 2.0 Fighting
 + Level 4.6 Axes
 - Level 1.0 Throwing
 - Level 1.1 Armour
 - Level 2.1 Dodging
 - Level 2.0 Spellcasting
 - Level 2.4 Translocations


You had 7 spell levels left.
You didn't know any spells.
Your spell library contained the following spells:

 Spells                   Type           Power      Damage    Failure   Level
 Blink                    Tloc           14%        N/A       19%         2
 Gell's Gravitas          Tloc           7%         N/A       34%         3
 Lesser Beckoning         Tloc           7%         N/A       34%         3
 Teleport Other           Tloc           7%         N/A       34%         3
 Manifold Assault         Tloc           7%         N/A       97%         5

Inventory:

Hand Weapons
 e - a +0 whip
 Y - a +0 hand axe (weapon)
Armour
 b - a +0 leather armour (worn)
 k - a +0 buckler
Jewellery
 l - a +4 ring of protection
Scrolls
 a - a scroll of identify
 h - a scroll of noise {unknown}
 j - 2 scrolls of enchant armour
 n - a scroll of enchant weapon {unknown}
Potions
 c - a potion of curing {unknown}
 d - a potion of might {unknown}
 f - a potion of haste {unknown}
 g - a potion of attraction {unknown}
 i - 2 potions of lignification {unknown}
 m - a potion of berserk rage {unknown}

Dungeon Overview and Level Annotations

Branches:
Dungeon (2/15)

Altars:


Message History

The gnoll is moderately wounded.
The gnoll misses you.
You hit the gnoll. You claw the gnoll.
The gnoll is severely wounded.
The gnoll hits you with a +0 flail.
You hit the gnoll but do no damage.
The gnoll is severely wounded.
The gnoll closely misses you.
You closely miss the gnoll.
The gnoll is severely wounded.
The gnoll closely misses you.
You hit the gnoll.
The gnoll is almost dead.
The gnoll hits you with a +0 flail.
You hit the gnoll but do no damage. You claw the gnoll, but do no damage.
You peck the gnoll, but do no damage.
The gnoll is almost dead.
You hit the worm. The gnoll hits you with a +0 flail.
The gnoll closely misses you.
You closely miss the gnoll.
The gnoll is almost dead.
You barely miss the worm. The worm completely misses you.
The gnoll hits you but does no damage.
You hit the gnoll. You claw the gnoll, but do no damage.
The gnoll is almost dead.
You hit the worm but do no damage. The gnoll closely misses you.
The worm misses you.
You closely miss the gnoll. Your peck misses the gnoll.
The gnoll is almost dead.
You hit the worm. The gnoll closely misses you.
You closely miss the gnoll. You claw the gnoll.
You kill the gnoll!
You hit the worm but do no damage. The worm bites you.
You have reached level 4!
You feel stronger.
You barely miss the worm.
The worm is moderately wounded.
The worm bites you!
You die...

........# #.# #.## .......
#. #.# ...... #.. ......
..[.# . . ..!w# ##. .
#l#.# #..### . #w#g###
#.#.. #@#)).###.#..
#.).#.......#
###%####....#### #.#
##.......###
###########.###.....##....
#........>...........####.
#:.......##...........# ##
#.^......#............#
#..........#...:......#


You could see a worm and a frilled lizard.

Vanquished Creatures
  3 gnolls (D:2)
  An adder (D:2)
  4 ball pythons
  4 bats
  An endoplasm (D:1)
  2 goblins (D:1)
  2 hobgoblins
  3 kobolds
  A quokka (D:1)
  A frilled lizard (D:2)
  3 rats
25 creatures vanquished.

Notes
Turn   | Place    | Note
-------+----------+-------------------------------------------
     0 | D:1      | qw the Tengu Warper began the quest for the Orb.
     0 | D:1      | Reached XP level 1. HP: 12/12 MP: 4/4
     0 | D:1      | 0 ||| qw: Version: 0.1-a-89-g26bdef1
     0 | D:1      | 0 ||| qw: Game counter: 1656
     0 | D:1      | 0 ||| qw: Always use a shield: true
     0 | D:1      | 0 ||| qw: God list: Okawaru
     0 | D:1      | 0 ||| qw: Allow faded altars: false
     0 | D:1      | 0 ||| qw: Do Orc after D:15 true
     0 | D:1      | 0 ||| qw: Do second Lair branch before Depths: true
     0 | D:1      | 0 ||| qw: Lair rune preference: random
     0 | D:1      | 0 ||| qw: Plans: Normal
     0 | D:1      | 0 ||| PLANNING D:1-11
    45 | D:1      | 45 ||| Stepping ~*~*~tactically~*~*~ (stealth).
    46 | D:1      | 46 ||| Stepping ~*~*~tactically~*~*~ (stealth).
   131 | D:1      | Reached XP level 2. HP: 17/17 MP: 6/6
   148 | D:1      | Reached skill level 3 in Axes
   484 | D:1      | 484 ||| READING 2 scrolls labelled AVO PAIJUESE.
   485 | D:1      | 485 ||| READING scroll labelled QAUCZUDETWIHUI.
   490 | D:1      | 490 ||| READING 3 scrolls labelled VUQUIM SAGULO.
   491 | D:1      | 491 ||| READING scroll labelled CEEPTO IQEMNI.
   592 | D:1      | 592 ||| READING scroll labelled EFFUYRCHUSHI.
   593 | D:1      | 593 ||| DROPPING scroll of blinking.
   712 | D:2      | Reached XP level 3. HP: 20/21 MP: 7/7
   807 | D:2      | Found a faded altar of an unknown god.
   904 | D:2      | Identified the +3 robe of Hysteria {Dex+4}
   905 | D:2      | 905 ||| Stepping ~*~*~tactically~*~*~ (stealth).
   910 | D:2      | 910 ||| Stepping ~*~*~tactically~*~*~ (stealth).
   914 | D:2      | Reached skill level 4 in Axes
   917 | D:2      | 917 ||| Stepping ~*~*~tactically~*~*~ (stealth).
   919 | D:2      | 919 ||| Stepping ~*~*~tactically~*~*~ (stealth).
   928 | D:2      | HP: 5/21 [gnoll/+0 flail (5)]
   933 | D:2      | Reached XP level 4. HP: 5/26 MP: 8/8
   933 | D:2      | Slain by a worm

Levels and vault maps discovered:
D:1:      mrwooster_arrival_arrow, layout_basic, minmay_pentomino_w2
D:2:      layout_rooms, shapermc_ecumenical_altar_pompeii

Skill      XL: |  1  2  3 |
---------------+----------+-----
Axes           | 3 4 |  4.6
Fighting       | |  2.0
Throwing       | |  1.0
Armour         | |  1.1
Dodging        | |  2.1
Spellcasting   | |  2.0
Translocations | |  2.4

Action                   |  1- 3 |  4- 6 || total
-------------------------+-------+-------++-------
Melee: Hand axe          |    53 |     1 ||    54
       Peck              |     4 |       ||     4
       Kick              |    10 |       ||    10
Throw: Boomerang         |     7 |       ||     7
  Use: Scroll            |     5 |       ||     5
Armor: Leather armour    |    11 |       ||    11
Dodge: Dodged            |    34 |       ||    34

Table legend:
 A = Non-vault XP
 B = Vault XP
 C = Vault XP percentage of total XP
 D = Non-vault monster count
 E = Vault monster count
 F = Vault count percentage of total count
                 A         B        C        D         E       F
            +---------+---------+-------+---------+---------+-------
      Total |      84 |       2 |   2.3 |      24 |       1 |   4.0
            +---------+---------+-------+---------+---------+-------
        D:1 |      17 |       2 |  10.5 |      10 |       1 |   9.1
        D:2 |      67 |       0 |   0.0 |      14 |       0 |   0.0
            +---------+---------+-------+---------+---------+-------
